 Dungeon Crawl Stone Soup version 0.23.2 (webtiles) character file.

Game seed: 9851911355209455317

21610 Kairos the Spear-Bearer (level 13, -3/101 HPs)
             Began as a Formicid Abyssal Knight on Apr 9, 2019.
             Was a High Priest of Lugonu.
             Slain by a nine-headed hydra (6 damage)
             ... on level 2 of the Lair of Beasts.
             The game lasted 00:28:13 (10022 turns).

Kairos the Spear-Bearer (Formicid Abyssal Knight)  Turns: 10022, Time: 00:28:14

Health: -3/101     AC: 20    Str: 28    XL:     13   Next: 21%
Magic:  14/15      EV: 10    Int: 16    God:    Lugonu [*****.]
Gold:   466        SH: 22    Dex: 10    Spells: 12/12 levels left

rFire    . . .     SeeInvis +   F - +13 scythe of Curses {drain, *Curse} (curse)
rCold    . . .     Gourm    .   g - +5 shield (curse)
rNeg     . . .     Faith    .   B - +3 chain mail {rPois} (curse)
rPois    +         Spirit   .   (helmet unavailable)
rElec    .         Reflect  +   (no cloak)
rCorr    .         Harm     .   l - +2 pair of gloves (curse)
MR       ++...                  r - +2 pair of boots {Fly} (curse)
Stlth    ..........             i - +4 amulet of reflection (curse)
HPRegen  0.26/turn              C - ring "Velerch" {MR+ Str+2 Int+4} (curse)
MPRegen  0.14/turn              m - +4 ring of strength (curse)

@: flying
A: permanent stasis, dig shafts and tunnels, four strong arms, antennae 3
a: Dig, Shaft Self, Depart the Abyss, Bend Space, Banish, Corrupt, Enter the
Abyss, Renounce Religion, Stop Flying


You were on level 2 of the Lair of Beasts.
You worshipped Lugonu.
Lugonu was extremely pleased with you.
You were full.

You visited 2 branches of the dungeon, and saw 11 of its levels.
You visited the Abyss 1 time.

You collected 771 gold pieces.
You spent 305 gold pieces at shops.

Inventory:

Hand Weapons
 f - a cursed +2 trident of protection
 x - a cursed +0 glaive
 F - the cursed +13 scythe of Curses (weapon) {drain, *Curse}
   (You found it on level 8 of the Dungeon)

   A truly terrible weapon, it drains the life of those it strikes.
   It curses itself when equipped.
   It has a curse placed upon it.
 J - the +3 halberd of Bloodstone {holy, Str+6 Int+2}
   (You took it off a centaur on level 9 of the Dungeon)

   It has been blessed by the Shining One to cause great damage to the undead
   and demons.
   It affects your strength (+6).
   It affects your intelligence (+2).
Missiles
 z - 7 tomahawks of returning (quivered)
Armour
 g - a cursed +5 shield (worn)
 l - a cursed +2 pair of gloves (worn)
 r - a cursed +2 pair of boots of flying (worn)
 y - a cursed +1 chain mail of positive energy
 B - a cursed +3 chain mail of poison resistance (worn)
Jewellery
 i - a cursed +4 amulet of reflection (around neck)
 m - a cursed +4 ring of strength (right hand)
 s - a cursed amulet of the acrobat
 A - a cursed ring of positive energy
 C - the cursed ring "Velerch" (left hand) {MR+ Str+2 Int+4}
   (You found it on level 8 of the Dungeon)

   [ring of protection from magic]

   It affects your strength (+2).
   It affects your intelligence (+4).
   It affects your resistance to hostile enchantments.
   It has a curse placed upon it.
 E - a cursed amulet of faith
 G - the cursed amulet of the Louse {Gourm Str+3}
   (You found it on level 8 of the Dungeon)

   [amulet of the gourmand]

   It allows you to eat raw meat even when not hungry.
   It affects your strength (+3).
   It has a curse placed upon it.
Wands
 b - a wand of flame (19)
 e - a wand of polymorph (8)
 h - a wand of iceblast (34)
 o - a wand of disintegration (17)
 v - a wand of random effects (21)
Scrolls
 a - 3 scrolls of remove curse
 d - 4 scrolls of amnesia
 p - a scroll of acquirement {unknown}
 t - 3 scrolls of enchant weapon {unknown}
 u - a scroll of brand weapon {unknown}
 L - a scroll of fog {unknown}
 M - a scroll of fear {unknown}
 N - 4 scrolls of identify
 O - a scroll of vulnerability {unknown}
Potions
 j - 6 potions of curing
 k - 4 potions of lignification
 n - 2 potions of ambrosia
 q - 3 potions of heal wounds
 w - a potion of resistance
 D - a potion of magic {unknown}
 H - a potion of might {unknown}
 K - a potion of invisibility {unknown}
 P - a potion of agility {unknown}
Miscellaneous
 I - a lightning rod (4/4)
Comestibles
 c - 26 rations


   Skills:
 + Level 9.3 Fighting
   Level 2.0(9.5) Axes
 * Level 13.9(14.0) Polearms
 + Level 7.4 Armour
 + Level 3.9 Dodging
 + Level 1.0 Stealth
 + Level 12.3 Shields
 * Level 2.7 Invocations
 + Level 0.9 Evocations


You had 12 spell levels left.
You didn't know any spells.
Your spell library contained the following spells:

 Spells                   Type           Power        Failure   Level  Hunger
 Magic Dart               Conj           #...         75%         1    ##.....
 Call Imp                 Summ           #.......     87%         2    ###....
 Ensorcelled Hibernation  Hex/Ice        #.....       87%         2    ###....
 Slow                     Hex            #.......     87%         2    ###....
 Throw Flame              Conj/Fire      #.....       87%         2    ###....
 Conjure Flame            Conj/Fire      #.......     98%         3    ####...
 Gell's Gravitas          Tloc           #.........   98%         3    ####...
 Mephitic Cloud           Conj/Pois/Air  #.......     98%         3    ####...
 Teleport Other           Tloc           #.......     98%         3    ####...
 Borgnjor's Vile Clutch   Necr/Erth      #.........   100%        5    ######.
 Irradiate                Conj/Tmut      #.........   100%        5    ######.
 Silence                  Hex/Air        #.........   100%        5    ######.
 Darkness                 Hex            #.........   100%        6    #######
 Shadow Creatures         Summ           N/A          100%        6    #######
 Orb of Destruction       Conj           #.........   100%        7    #######
 Blink                    Tloc           Unusable     N/A         2    N/A

Dungeon Overview and Level Annotations

Branches:
Dungeon (9/15)             Temple (0/1) D:7            Lair (2/6) D:9
  Swamp: Lair:2-4    Shoals: Lair:2-4     Snake: Lair:2-4    Spider: Lair:2-4
    Orc: D:9-12

Altars:
Dithmenos
Gozag
Hepliaklqana
Kikubaaqudgha
Makhleb
Qazlal
Ru
Trog
Uskayaw
Vehumet
Wu Jian
Xom
The Shining One

Shops:
D:8 **

Annotations:
Lair:2 1 transporter, Rwicked's ghost, journeyman GrFi


Innate Abilities, Weirdness & Mutations

You cannot be hasted, slowed, berserked, paralysed or teleported.
You can dig through walls and to a lower floor.
Your four strong arms can wield two-handed weapons with a shield.
You have a pair of large antennae on your head. (SInv)


Message History

The nine-headed hydra bites you but does no damage.
The nine-headed hydra misses you. The nine-headed hydra bites you!
* * * LOW HITPOINT WARNING * * *
The nine-headed hydra bites you!
* * * LOW HITPOINT WARNING * * *
The nine-headed hydra barely misses you.
Okay, then.
Space bends around you!
You blink.
The basilisk hisses angrily.
You hear an angry hiss.
Are you sure you want to shaft yourself?
You feel quite a bit less full.
Your +3 halberd of Bloodstone {holy, Str+6 Int+2} glows black briefly, but repels the curse.
The bullfrog hits you.
* * * LOW HITPOINT WARNING * * *
The basilisk gazes at you. You resist with almost no effort.
You begin to dig a shaft.
You continue digging a shaft.
The nine-headed hydra barely misses you.
The nine-headed hydra bites you.
You die...

......#.##...#...#.#..#.###......
.......###..##.#.....##..#.......
......## #..#.#...#.(#...........
......#####.#...#l.["#§..P#......
........##..##..y{y#%#....#......
............©#l#{{.#$##..........
............##W§##.#..#..........
####.....#..#.FD#..l# #...#.#..##
# #....##..##..@.#..##...##.####
# ##..####..##......#.....### #.
# ##..# ##..#####.##....## ##
####...######.....###..#...### ##
##P.#....#..#.........#....#.###.
.................................
.................................
##.#..####..#####..#.###P###.P##P
####.# #### #..#### ### ######


You could see a nine-headed hydra (berserk), a komodo dragon (berserk), a
basilisk, a bullfrog (berserk) and Rwicked's ghost.

Vanquished Creatures
  3 hydras
  A centaur warrior (D:8)
  Sonja (Lair:1)
  2 orc knights (D:7)
  3 elephants (Lair:1)
  A black mamba (Lair:2)
  3 spiny frogs
  Psyche (D:9)
  A rime drake (Lair:1)
  A komodo dragon (Lair:2)
  A troll (D:8)
  Prince Ribbit (D:8)
  2 dream sheep (D:9)
  6 hippogriffs
  A wyvern (Lair:1)
  12 yaks
  3 basilisks
  Menkaure (D:7)
  14 wargs (D:7)
  4 water moccasins
  6 porcupines
  2 black bears
  8 orc warriors
  3 sky beasts
  2 necrophages
  2 ice beasts
  4 ogres
  A phantom (D:6)
  5 wolves
  5 centaurs
  5 crocodiles
  5 big kobolds
  Blork the orc (D:4)
  6 bullfrogs
  A water moccasin zombie (D:9)
  A wyvern skeleton (D:7)
  A scorpion (D:4)
  A wight (D:7)
  5 howler monkeys
  2 electric eels (D:7)
  2 centaur zombies
  4 crimson imps
  A quasit (D:7)
  9 hounds
  3 jellies (D:9)
  9 orc wizards
  4 orc priests
  2 bullfrog skeletons
  3 iguanas
  7 worker ants
  A hound zombie (D:6)
  2 mummies (D:7)
  Robin (D:2)
  7 adders
  3 gnolls (D:8)
  4 shadow imps
  An ooze (D:3)
  An adder skeleton (D:8)
  An adder zombie (D:7)
  A worm (D:2)
  2 dart slugs
  5 leopard geckos
  52 orcs
  2 ball pythons (D:3)
  5 bats
  4 bat skeletons (D:3)
  2 bat zombies (D:3)
  5 giant cockroaches
  8 hobgoblins
  11 jackals
  2 quokkas
  5 frilled lizards
  22 goblins
  A jackal skeleton (D:8)
  A jackal zombie (D:8)
  12 kobolds
  A quokka skeleton (D:7)
  A quokka zombie (D:6)
  10 rats
345 creatures vanquished.

Vanquished Creatures (collateral kills)
  An elephant (Lair:1)
  A black mamba (Lair:1)
  2 spiny frogs (Lair:2)
  A komodo dragon (Lair:1)
  A hippogriff (Lair:1)
  3 yaks
  An orc warrior (D:9)
  2 porcupines
  2 wolves
  A crocodile (D:9)
  A bullfrog (Lair:1)
  4 orcs (D:9)
20 creatures vanquished.

Vanquished Creatures (others)
  A centaur (D:6)
  3 orcs
  A giant cockroach (D:4)
  2 kobolds (D:7)
  A fungus (Lair:1)
  7 plants
  4 starspawn tentacles (Abyss:4)
19 creatures vanquished.

Grand Total: 384 creatures vanquished

Notes
Turn   | Place    | Note
-------+----------+-------------------------------------------
     0 | Abyss:1  | Kairos the Formicid Abyssal Knight began the quest for the
                  | Orb.
     0 | Abyss:1  | Reached XP level 1. HP: 18/18 MP: 2/2
     4 | Abyss:1  | Found a corrupted altar of Lugonu.
    73 | Abyss:2  | Noticed a thrashing horror
    73 | Abyss:2  | Noticed a cyan very ugly thing
   197 | Abyss:4  | Noticed a tentacled starspawn
   228 | Abyss:4  | Noticed a neqoxec
   253 | Abyss:4  | Noticed a smoke demon
   327 | Abyss:4  | Noticed a neqoxec
   335 | Abyss:4  | Noticed a hellwing
   335 | Abyss:4  | Noticed a hellwing
   335 | D:1      | Escaped the Abyss
   374 | D:1      | Reached skill level 1 in Dodging
   478 | D:1      | Reached XP level 2. HP: 25/25 MP: 3/3
   479 | D:1      | Reached * piety under Lugonu
   614 | D:1      | Reached XP level 3. HP: 13/30 MP: 4/4
  1148 | D:2      | Noticed Robin
  1171 | D:2      | Reached skill level 1 in Polearms
  1189 | D:2      | Killed Robin
  1189 | D:2      | Reached XP level 4. HP: 32/37 MP: 5/5
  1272 | D:2      | Reached ** piety under Lugonu
  1287 | D:2      | Reached skill level 2 in Polearms
  1430 | D:2      | Found a glowing golden altar of the Shining One.
  1495 | D:2      | Found a hazy altar of Hepliaklqana.
  1497 | D:2      | Reached XP level 5. HP: 42/42 MP: 6/6
  1663 | D:3      | Found a faded altar of an unknown god.
  1770 | D:3      | Noticed a centaur
  1792 | D:3      | Killed a centaur
  1792 | D:3      | Reached skill level 3 in Polearms
  1792 | D:3      | Reached skill level 1 in Shields
  1792 | D:3      | Reached XP level 6. HP: 15/49 MP: 7/7
  1953 | D:3      | Reached *** piety under Lugonu
  1969 | D:3      | Found an ancient bone altar of Kikubaaqudgha.
  2249 | D:4      | Noticed Blork the orc
  2263 | D:4      | Killed Blork the orc
  2263 | D:4      | Reached skill level 4 in Polearms
  2263 | D:4      | Reached XP level 7. HP: 48/55 MP: 8/8
  2318 | D:4      | Found a hide-covered altar of Uskayaw.
  2318 | D:4      | Found a bloodstained altar of Trog.
  2323 | D:4      | Found a shadowy altar of Dithmenos.
  2323 | D:4      | Found a sacrificial altar of Ru.
  2324 | D:4      | Found a stormy altar of Qazlal.
  2605 | D:5      | Entered Level 5 of the Dungeon
  2747 | D:5      | Reached skill level 5 in Polearms
  2747 | D:5      | Reached XP level 8. HP: 56/61 MP: 9/9
  2842 | D:5      | Reached skill level 5 in Fighting
  2949 | D:5      | Found a shimmering altar of Xom.
  3043 | D:5      | Reached skill level 6 in Polearms
  3104 | D:5      | Reached skill level 5 in Shields
  3488 | D:6      | Reached **** piety under Lugonu
  3605 | D:6      | Reached XP level 9. HP: 68/68 MP: 10/10
  3650 | D:6      | Reached skill level 7 in Polearms
  3650 | D:6      | Reached skill level 1 in Stealth
  3660 | D:6      | Found a radiant altar of Vehumet.
  3832 | D:6      | You are sucked into a shaft for 3 floors!
  3869 | D:8      | Noticed a centaur warrior
  4004 | D:7      | Found a staircase to the Ecumenical Temple.
  4055 | D:7      | Reached skill level 8 in Polearms
  4178 | D:7      | Noticed a hippogriff
  4188 | D:7      | Killed a hippogriff
  4387 | D:7      | Reached XP level 10. HP: 76/76 MP: 11/11
  4481 | D:7      | Noticed Menkaure
  4516 | D:7      | Found a burning altar of Makhleb.
  4688 | D:7      | Reached skill level 9 in Polearms
  5025 | D:7      | Reached skill level 5 in Armour
  5203 | D:7      | Reached ***** piety under Lugonu
  5237 | D:7      | Noticed an orc knight
  5478 | D:7      | Killed an orc knight
  5478 | D:7      | Reached skill level 10 in Polearms
  5536 | D:7      | Noticed an orc knight
  5606 | D:7      | Killed an orc knight
  5606 | D:7      | Reached XP level 11. HP: 48/83 MP: 12/12
  5882 | D:7      | Killed Menkaure
  6760 | D:8      | Found Zaoc's General Store.
  6793 | D:8      | Bought a +3 chain mail of poison resistance for 305 gold
                  | pieces
  6877 | D:8      | Reached skill level 11 in Polearms
  6907 | D:8      | Found an opulent altar of Gozag.
  6908 | D:8      | Found Gozag's Platinum Reserve.
  6942 | D:8      | Reached skill level 10 in Shields
  7052 | D:8      | Got a translucent bone ring
  7054 | D:8      | Found the cursed +13 scythe of Curses {drain, *Curse}
  7058 | D:8      | Identified the Grimoire of Harmful Translocation
  7082 | D:8      | Identified the ring "Velerch" {MR+ Str+2 Int+4} (You found
                  | it on level 8 of the Dungeon)
  7097 | D:8      | Got a heavily runed golden amulet
  7099 | D:8      | Identified the amulet of the Louse {Gourm Str+3} (You found
                  | it on level 8 of the Dungeon)
  7298 | D:8      | Noticed Prince Ribbit
  7313 | D:8      | Killed Prince Ribbit
  7500 | D:8      | Killed a centaur warrior
  7600 | D:9      | Found a staircase to the Lair.
  7637 | D:9      | Noticed Psyche
  7646 | D:9      | Killed Psyche
  7889 | D:9      | Noticed a three-headed hydra
  7899 | D:9      | Killed a five-headed hydra
  7899 | D:9      | Reached skill level 12 in Polearms
  7908 | D:9      | Reached XP level 12. HP: 86/92 MP: 13/13
  7914 | D:9      | Identified the +3 halberd of Bloodstone {holy, Str+6 Int+2}
  8098 | D:9      | Found an ornate altar of the Wu Jian Council.
  8341 | Lair:1   | Entered Level 1 of the Lair of Beasts
  8387 | Lair:1   | Noticed Sonja
  8397 | Lair:1   | Killed Sonja
  8464 | Lair:1   | Noticed a seven-headed hydra
  8488 | Lair:1   | Killed a 12-headed hydra
  8524 | Lair:1   | Reached skill level 13 in Polearms
  8542 | Lair:1   | Noticed a four-headed hydra
  8547 | Lair:1   | Killed a seven-headed hydra
  8980 | Lair:1   | Reached XP level 13. HP: 100/100 MP: 14/14
  9388 | Lair:2   | Found a transporter.
  9389 | Lair:2   | Noticed Rwicked's ghost (journeyman GrFi)
  9390 | Lair:2   | Noticed an eight-headed hydra
  9556 | Lair:2   | Found a transporter.
 10021 | Lair:2   | HP: 3/101 [bullfrog (4)]
 10022 | Lair:2   | Slain by a nine-headed hydra

Skill      XL: |  1  2  3  4  5  6  7  8  9 10 11 12 13 |
---------------+----------------------------------------+-----
Dodging        | 1 2 3 |  3.9
Fighting       | 4 5 6 8 9 |  9.3
Polearms       | 1 2 3 4 5 6 8 10 12 13 | 13.9
Armour         | 3 4 5 6 7 |  7.4
Shields        | 1 2 4 5 7 9 10 12 | 12.3
Stealth        | 1 |  1.0
Axes           | |  2.0
Invocations    | |  2.7
Evocations     | |  0.9

Action                   |  1- 3 |  4- 6 |  7- 9 | 10-12 | 13-15 || total
-------------------------+-------+-------+-------+-------+-------++-------
Melee: Trident           |   125 |   211 |   325 |   538 |       ||  1199
       Scythe            |       |       |       |   222 |    43 ||   265
Invok: Depart the Abyss  |     1 |       |       |       |       ||     1
       Bend Space        |       |       |       |       |     1 ||     1
 Abil: Dig               |    12 |       |     1 |     1 |       ||    14
       Shaft Self        |       |       |       |       |     1 ||     1
Evoke: Wand              |       |       |       |     2 |       ||     2
       Lightning rod     |       |       |       |     2 |       ||     2
  Use: Potion            |     4 |       |       |       |       ||     4
       Scroll            |     2 |     2 |    10 |     1 |       ||    15
  Eat: Chunk             |     1 |     4 |     8 |    12 |     3 ||    28
       Ration            |       |       |       |     1 |     2 ||     3
Armor: Scale mail        |    51 |    22 |       |       |       ||    73
       Leather armour    |     1 |       |       |       |       ||     1
       Chain mail        |       |   136 |    69 |   136 |    16 ||   357
Dodge: Dodged            |    72 |    69 |    26 |   110 |    22 ||   299
Block: Buckler           |    10 |     3 |       |       |       ||    13
       Shield            |       |   114 |   241 |   481 |    65 ||   901
       Reflection        |       |       |    14 |    22 |       ||    36
